Sabres vs Panthers

Created - November 13 2011 at 15:23

Goals
1 2 3 T
Sabres 2 2 0 4
Panthers 0 1 2 3
Shots
1 2 3 T
Sabres 7 11 5 23
Panthers 5 8 4 17

Period #1

1. Sabres , Brad Stuart 2 (Chris Stewart, Henrik Zetterberg) at 13:13
2. Sabres , Henrik Zetterberg 5 (Brad Stuart, Tyler Myers) at 16:01

Penalties :
Ryan Smyth (FLA) for Roughing (Double Minor) at 3:50, Troy Brouwer (BUF) for Holding (Minor) at 8:08, Sam Gagner (FLA) for Tripping (Minor) at 8:59, Luke Schenn (BUF) for Boarding (Minor) at 9:41, Tuomo Ruutu (BUF) for Interference (Minor) at 17:15

Period #2

3. Sabres , Mike Richards 4 (Johan Franzen, Marian Hossa) at 11:05
4. Panthers , Dustin Penner 6 (Sergei Shirokov) at 13:18 (PP)
5. Sabres , Chris Stewart 8 (Henrik Zetterberg, Tuomo Ruutu) at 17:20

Penalties :
Tuomo Ruutu (BUF) for Hooking (Minor) at 0:38, Luke Schenn (BUF) for High sticking (Minor) at 3:33, Mike Richards (BUF) for Boarding (Minor) at 8:40, Tuomo Ruutu (BUF) for Interference (Minor) at 12:50, Ryan OByrne (FLA) for Roughing (Minor) at 13:56, Anton Volchenkov (FLA) for Holding (Minor) at 18:16

Period #3

6. Panthers , Matt Cullen 7 (Dustin Penner, Andy Greene) at 6:31
7. Panthers , Ryan Smyth 13 (Matt Cullen) at 7:42 (PP)

Penalties :
Cory Stillman (FLA) for Holding (Minor) at 2:05, Victor Hedman (BUF) for Hooking (Minor) at 7:36, Victor Hedman (BUF) for Roughing (Double Minor) at 13:07

Goalie Stats

Martin Biron (BUF), 14 saves from 17 shots - (0.824), W, 6-4-0, 60:00 minutes
Corey Crawford (FLA), 19 saves from 23 shots - (0.826), L, 6-12-2, 59:35 minutes

Players Stats

Sabres
Player Name              G  A  P  +/- PIM S  H  SB FO    MP 
------------------------------------------------------------
Brad Stuart              1  1  2   3  0   1  1  3  0/0   18 
Chris Stewart            1  1  2   3  0   3  0  0  1/1   17 
David Legwand            0  0  0  -1  0   0  0  1  0/3   9  
Henrik Zetterberg        1  2  3   3  0   8  0  0  22/39 22 
Jeff Schultz             0  0  0   0  0   0  0  1  0/0   17 
Johan Franzen            0  1  1   1  0   3  3  0  4/5   16 
Jordan Staal             0  0  0   0  0   1  1  0  8/12  18 
Karl Alzner              0  0  0   0  0   0  2  1  0/0   6  
Luke Schenn              0  0  0   0  4   0  0  4  0/0   18 
Marian Hossa             0  1  1   0  0   3  2  0  0/2   21 
Mike Richards            1  0  1   1  2   1  1  0  9/20  21 
Paul Byron               0  0  0   0  0   0  0  0  0/0   0  
Steve Downie             0  0  0   0  0   1  1  0  0/0   12 
Trevor Daley             0  0  0   0  0   0  1  1  0/0   22 
Troy Brouwer             0  0  0  -1  2   0  0  0  0/2   12 
Tuomo Ruutu              0  1  1   3  6   1  3  0  0/1   15 
Tyler Myers              0  1  1   2  0   0  0  2  0/0   22 
Victor Hedman            0  0  0   1  6   1  2  1  0/0   17 
Panthers
Player Name              G  A  P  +/- PIM S  H  SB FO    MP 
------------------------------------------------------------
Andrew Brunette          0  0  0   0  0   0  0  0  0/0   2  
Andrew MacDonald         0  0  0  -1  0   0  0  2  0/0   24 
Andy Greene              0  1  1   1  0   1  1  0  0/0   23 
Anton Volchenkov         0  0  0  -3  2   0  2  2  0/0   13 
Brian Rafalski           0  0  0   0  0   0  1  1  0/0   20 
Chris Drury              0  0  0  -2  0   0  0  0  11/25 20 
Cory Stillman            0  0  0  -2  2   0  2  1  1/3   18 
Dave Bolland             0  0  0   0  0   0  0  0  3/6   7  
David Steckel            0  0  0  -2  0   0  1  0  4/12  14 
Dustin Penner            1  1  2   1  0   3  3  0  3/7   22 
Jason Blake              0  0  0  -2  0   0  0  0  0/0   7  
Jason Garrison           0  0  0   1  0   2  1  2  0/0   23 
Kyle Quincey             0  0  0   0  0   0  0  0  0/0   0  
Matt Cullen              1  1  2  -1  0   2  0  0  5/8   20 
Ryan OByrne              0  0  0  -4  2   0  2  2  0/1   16 
Ryan Smyth               1  0  1   0  4   6  1  0  2/2   18 
Sam Gagner               0  0  0   1  2   3  0  1  1/1   20 
Sergei Shirokov          0  1  1  -2  0   0  0  0  11/20 21 

3 Stars

1 - Henrik Zetterberg (BUF)
2 - Brad Stuart (BUF)
3 - Chris Stewart (BUF)

Power Play

Sabres - 0 on 6 Attempt(s) - 0.00%
Panthers - 2 on 10 Attempt(s) - 20.00%

Penalty Kill

Sabres - 8 on 10 Attempt(s) - 80.00% - Score 0 goal in Penalty Kill
Panthers - 6 on 6 Attempt(s) - 100.00% - Score 0 goal in Penalty Kill

Game Notes

No Game Note

Finance

Level 1 -- Attendance: 6000 (100.00%) -- Ticket Income $420,000.00
Level 2 -- Attendance: 5000 (100.00%) -- Ticket Income $150,000.00
Level 3 -- Attendance: 3463 (98.94%) -- Ticket Income $69,260.00
Level 4 -- Attendance: 2844 (75.84%) -- Ticket Income $28,440.00
Luxury Box -- Attendance: 1000 (100.00%) -- Ticket Income $150,000.00
Game was played at the BankAtlantic Center
Total Attendance: 18307 (95.10%)
Total Ticket Income: $876,658.60
Other Income: $191,042.40
Total Income: $1,067,701.00


Play by Play

Period #1

0:01 of 1st period - Henrik Zetterberg wins face-off versus Sergei Shirokov in neutral zone.
0:08 of 1st period - Icing by Andrew MacDonald.
0:09 of 1st period - Johan Franzen wins face-off versus Sergei Shirokov in Panthers zone.
0:19 of 1st period - Icing by Brian Rafalski.
0:20 of 1st period - Sergei Shirokov wins face-off versus Henrik Zetterberg in Panthers zone.
0:47 of 1st period - Shot by Henrik Zetterberg.
0:47 of 1st period - Stopped by Corey Crawford with a rebound.
1:10 of 1st period - Icing by Andy Greene.
1:11 of 1st period - Mike Richards wins face-off versus David Steckel in Panthers zone.
1:16 of 1st period - Shot by Johan Franzen.
1:16 of 1st period - Stopped by Corey Crawford without a rebound.
1:17 of 1st period - Jordan Staal wins face-off versus Chris Drury in Panthers zone.
2:22 of 1st period - Icing by Matt Cullen.
2:23 of 1st period - Henrik Zetterberg wins face-off versus Chris Drury in Panthers zone.
2:45 of 1st period - Off-side.
2:46 of 1st period - Mike Richards wins face-off versus David Steckel in neutral zone.
2:51 of 1st period - David Steckel is hit by Marian Hossa and loses puck.
3:04 of 1st period - Shot by Dustin Penner.
3:04 of 1st period - Shot Blocked by Victor Hedman.
3:47 of 1st period - Icing by Trevor Daley.
3:48 of 1st period - Johan Franzen wins face-off versus Dave Bolland in Sabres zone.
3:50 of 1st period - Double Minor Penalty to Ryan Smyth for Roughing.
3:51 of 1st period - Henrik Zetterberg wins face-off versus Cory Stillman in Panthers zone.
4:14 of 1st period - Shot by Henrik Zetterberg.
4:14 of 1st period - Shot Misses the Net.
4:16 of 1st period - Shot by Henrik Zetterberg.
4:16 of 1st period - Stopped by Corey Crawford without a rebound.
4:17 of 1st period - Henrik Zetterberg wins face-off versus Dustin Penner in Panthers zone.
4:43 of 1st period - Jason Garrison is hit by Tuomo Ruutu.
6:12 of 1st period - Shot by Steve Downie.
6:12 of 1st period - Stopped by Corey Crawford without a rebound.
6:13 of 1st period - Henrik Zetterberg wins face-off versus Chris Drury in Panthers zone.
7:00 of 1st period - Shot by Mike Richards.
7:00 of 1st period - Deflect By Johan Franzen.
7:00 of 1st period - Shot Misses the Net.
7:02 of 1st period - Shot by Mike Richards.
7:02 of 1st period - Shot Misses the Net.
8:05 of 1st period - Shot by Troy Brouwer.
8:05 of 1st period - Shot Misses the Net.
8:08 of 1st period - Minor Penalty to Troy Brouwer for Holding.
8:09 of 1st period - Chris Stewart wins face-off versus Sergei Shirokov in Sabres zone.
8:24 of 1st period - Shot by Ryan Smyth.
8:24 of 1st period - Stopped by Martin Biron without a rebound.
8:25 of 1st period - Dustin Penner wins face-off versus Mike Richards in Sabres zone.
8:44 of 1st period - Shot by Cory Stillman.
8:44 of 1st period - Shot Misses the Net.
8:51 of 1st period - Dustin Penner is hit by Karl Alzner and loses puck.
8:59 of 1st period - Minor Penalty to Sam Gagner for Tripping.
9:00 of 1st period - Mike Richards wins face-off versus Sergei Shirokov in Panthers zone.
9:01 of 1st period - Shot by Marian Hossa.
9:01 of 1st period - Shot Blocked by Jason Garrison.
9:20 of 1st period - Shot by Jason Garrison.
9:20 of 1st period - Stopped by Martin Biron without a rebound.
9:21 of 1st period - Matt Cullen wins face-off versus Henrik Zetterberg in Sabres zone.
9:41 of 1st period - Minor Penalty to Luke Schenn for Boarding.
9:42 of 1st period - Sergei Shirokov wins face-off versus David Legwand in Sabres zone.
9:42 of 1st period - Dustin Penner is hit by Karl Alzner and loses puck.
9:50 of 1st period - Icing by Sergei Shirokov.
9:51 of 1st period - Sergei Shirokov wins face-off versus David Legwand in Panthers zone.
9:58 of 1st period - Shot by Dustin Penner.
9:58 of 1st period - Stopped by Martin Biron with a rebound.
11:45 of 1st period - Icing by Jeff Schultz.
11:46 of 1st period - Jordan Staal wins face-off versus Chris Drury in Sabres zone.
13:11 of 1st period - Shot by Chris Stewart.
13:11 of 1st period - Shot Misses the Net.
13:13 of 1st period - Shot by Brad Stuart.
13:13 of 1st period - Goal by Brad Stuart - Sabres : 1 - Panthers : 0.
13:14 of 1st period - Chris Drury wins face-off versus Mike Richards in neutral zone.
13:25 of 1st period - Shot by Dave Bolland.
13:25 of 1st period - Shot Misses the Net.
13:28 of 1st period - Icing by Victor Hedman.
13:29 of 1st period - Sergei Shirokov wins face-off versus Mike Richards in Sabres zone.
14:26 of 1st period - Shot by Sam Gagner.
14:26 of 1st period - Shot Misses the Net.
14:28 of 1st period - Shot by Andy Greene.
14:28 of 1st period - Stopped by Martin Biron without a rebound.
14:29 of 1st period - Dave Bolland wins face-off versus Henrik Zetterberg in Sabres zone.
14:32 of 1st period - Shot by Andrew MacDonald.
14:32 of 1st period - Shot Misses the Net.
14:34 of 1st period - Shot by Ryan Smyth.
14:34 of 1st period - Shot Misses the Net.
14:43 of 1st period - Icing by Andrew MacDonald.
14:44 of 1st period - Dave Bolland wins face-off versus Jordan Staal in Panthers zone.
15:09 of 1st period - Icing by Luke Schenn.
15:10 of 1st period - David Steckel wins face-off versus Jordan Staal in Sabres zone.
15:55 of 1st period - Shot by Henrik Zetterberg.
15:55 of 1st period - Stopped by Corey Crawford with a rebound.
15:57 of 1st period - Shot by Henrik Zetterberg.
15:57 of 1st period - Shot Blocked by Anton Volchenkov.
15:59 of 1st period - Shot by Brad Stuart.
15:59 of 1st period - Shot Blocked by Ryan OByrne.
16:01 of 1st period - Shot by Henrik Zetterberg.
16:01 of 1st period - Goal by Henrik Zetterberg - Sabres : 2 - Panthers : 0.
16:02 of 1st period - Chris Drury wins face-off versus Mike Richards in neutral zone.
16:12 of 1st period - Matt Cullen is hit by Victor Hedman and loses puck.
16:31 of 1st period - Shot by Mike Richards.
16:31 of 1st period - Shot Misses the Net.
17:15 of 1st period - Minor Penalty to Tuomo Ruutu for Interference.
17:16 of 1st period - Henrik Zetterberg wins face-off versus Dave Bolland in Sabres zone.
17:46 of 1st period - Off-side.
17:47 of 1st period - Mike Richards wins face-off versus Dave Bolland in neutral zone.
18:10 of 1st period - Shot by Dave Bolland.
18:10 of 1st period - Shot Blocked by Tyler Myers.
18:12 of 1st period - Shot by Dave Bolland.
18:12 of 1st period - Shot Blocked by Brad Stuart.
18:14 of 1st period - Shot by Jason Garrison.
18:14 of 1st period - Deflect By Dustin Penner.
18:14 of 1st period - Shot Blocked by Brad Stuart.
18:16 of 1st period - Shot by Sam Gagner.
18:16 of 1st period - Shot Misses the Net.
18:29 of 1st period - Icing by Andrew MacDonald.
18:30 of 1st period - Matt Cullen wins face-off versus Henrik Zetterberg in Panthers zone.
18:35 of 1st period - Shot by Ryan Smyth.
18:35 of 1st period - Stopped by Martin Biron without a rebound.
18:36 of 1st period - Ryan Smyth wins face-off versus Henrik Zetterberg in Sabres zone.

Period #2

0:01 of 2nd period - Sergei Shirokov wins face-off versus Tuomo Ruutu in neutral zone.
0:01 of 2nd period - Sergei Shirokov is hit by Tuomo Ruutu.
0:17 of 2nd period - Shot by Sergei Shirokov.
0:17 of 2nd period - Shot Blocked by Brad Stuart.
0:38 of 2nd period - Minor Penalty to Tuomo Ruutu for Hooking.
0:39 of 2nd period - Henrik Zetterberg wins face-off versus Sergei Shirokov in Sabres zone.
0:39 of 2nd period - Henrik Zetterberg is hit by Dustin Penner.
1:04 of 2nd period - Shot by Jason Garrison.
1:04 of 2nd period - Shot Blocked by Tyler Myers.
1:06 of 2nd period - Shot by Jason Garrison.
1:06 of 2nd period - Stopped by Martin Biron without a rebound.
1:07 of 2nd period - Henrik Zetterberg wins face-off versus Matt Cullen in Sabres zone.
1:07 of 2nd period - Henrik Zetterberg is hit by Cory Stillman.
3:15 of 2nd period - Johan Franzen is hit by Anton Volchenkov and loses puck.
3:33 of 2nd period - Minor Penalty to Luke Schenn for High sticking.
3:34 of 2nd period - Henrik Zetterberg wins face-off versus Matt Cullen in Sabres zone.
3:57 of 2nd period - Shot by Dustin Penner.
3:57 of 2nd period - Stopped by Martin Biron with a rebound.
4:15 of 2nd period - Jason Garrison is hit by Jordan Staal and loses puck.
4:19 of 2nd period - Icing by Jason Garrison.
4:20 of 2nd period - Matt Cullen wins face-off versus Mike Richards in Panthers zone.
4:48 of 2nd period - Shot by Ryan Smyth.
4:48 of 2nd period - Stopped by Martin Biron without a rebound.
4:49 of 2nd period - Chris Drury wins face-off versus Marian Hossa in Sabres zone.
6:38 of 2nd period - Shot by Jordan Staal.
6:38 of 2nd period - Shot Blocked by Brian Rafalski.
6:40 of 2nd period - Shot by Jordan Staal.
6:40 of 2nd period - Stopped by Corey Crawford without a rebound.
6:41 of 2nd period - David Steckel wins face-off versus Henrik Zetterberg in Panthers zone.
7:27 of 2nd period - Brad Stuart is hit by Ryan Smyth and loses puck.
7:35 of 2nd period - Icing by Tyler Myers.
7:36 of 2nd period - Chris Drury wins face-off versus Henrik Zetterberg in Sabres zone.
7:50 of 2nd period - Icing by Chris Stewart.
7:51 of 2nd period - Chris Drury wins face-off versus Henrik Zetterberg in Sabres zone.
8:13 of 2nd period - Icing by Ryan OByrne.
8:14 of 2nd period - Jordan Staal wins face-off versus Chris Drury in Panthers zone.
8:20 of 2nd period - Icing by Andrew MacDonald.
8:21 of 2nd period - Mike Richards wins face-off versus Chris Drury in Panthers zone.
8:40 of 2nd period - Minor Penalty to Mike Richards for Boarding.
8:41 of 2nd period - Johan Franzen wins face-off versus Matt Cullen in Sabres zone.
9:15 of 2nd period - Shot by Dustin Penner.
9:15 of 2nd period - Shot Misses the Net.
10:31 of 2nd period - David Legwand is hit by Dustin Penner and loses puck.
11:03 of 2nd period - Shot by Johan Franzen.
11:03 of 2nd period - Shot Misses the Net.
11:05 of 2nd period - Shot by Mike Richards.
11:05 of 2nd period - Goal by Mike Richards - Sabres : 3 - Panthers : 0.
11:06 of 2nd period - Jordan Staal wins face-off versus Chris Drury in neutral zone.
11:25 of 2nd period - Shot by Cory Stillman.
11:25 of 2nd period - Shot Misses the Net.
11:27 of 2nd period - Shot by Matt Cullen.
11:27 of 2nd period - Deflect By Cory Stillman.
11:27 of 2nd period - Shot Misses the Net.
11:31 of 2nd period - Shot by Matt Cullen.
11:31 of 2nd period - Stopped by Martin Biron without a rebound.
11:32 of 2nd period - Henrik Zetterberg wins face-off versus David Steckel in Sabres zone.
11:39 of 2nd period - Shot by Henrik Zetterberg.
11:39 of 2nd period - Shot Misses the Net.
11:49 of 2nd period - Shot by Henrik Zetterberg.
11:49 of 2nd period - Stopped by Corey Crawford without a rebound.
11:50 of 2nd period - Sergei Shirokov wins face-off versus Mike Richards in Panthers zone.
11:50 of 2nd period - Sergei Shirokov is hit by Johan Franzen.
12:17 of 2nd period - Andrew MacDonald is hit by Trevor Daley and loses puck.
12:27 of 2nd period - Off-side.
12:28 of 2nd period - Henrik Zetterberg wins face-off versus David Steckel in neutral zone.
12:50 of 2nd period - Minor Penalty to Tuomo Ruutu for Interference.
12:51 of 2nd period - Chris Drury wins face-off versus Henrik Zetterberg in Sabres zone.
12:52 of 2nd period - Shot by Brian Rafalski.
12:52 of 2nd period - Shot Blocked by David Legwand.
13:08 of 2nd period - Shot by Andrew MacDonald.
13:08 of 2nd period - Shot Misses the Net.
13:12 of 2nd period - Shot by Brian Rafalski.
13:12 of 2nd period - Shot Blocked by Trevor Daley.
13:14 of 2nd period - Shot by Matt Cullen.
13:14 of 2nd period - Deflect By Ryan Smyth.
13:14 of 2nd period - Stopped by Martin Biron without a rebound.
13:15 of 2nd period - Sergei Shirokov wins face-off versus Mike Richards in Sabres zone.
13:18 of 2nd period - Shot by Dustin Penner.
13:18 of 2nd period - Goal by Dustin Penner - Sabres : 3 - Panthers : 1.
13:19 of 2nd period - Jordan Staal wins face-off versus Chris Drury in neutral zone.
13:39 of 2nd period - Shot by Steve Downie.
13:39 of 2nd period - Shot Blocked by Anton Volchenkov.
13:41 of 2nd period - Shot by Jordan Staal.
13:41 of 2nd period - Shot Blocked by Ryan OByrne.
13:43 of 2nd period - Shot by Troy Brouwer.
13:43 of 2nd period - Shot Misses the Net.
13:45 of 2nd period - Shot by Jeff Schultz.
13:45 of 2nd period - Deflect By Jordan Staal.
13:45 of 2nd period - Shot Misses the Net.
13:49 of 2nd period - Shot by Jordan Staal.
13:49 of 2nd period - Shot Misses the Net.
13:56 of 2nd period - Minor Penalty to Ryan OByrne for Roughing.
13:57 of 2nd period - Mike Richards wins face-off versus Dustin Penner in Panthers zone.
13:58 of 2nd period - Shot by Johan Franzen.
13:58 of 2nd period - Deflect By Marian Hossa.
13:58 of 2nd period - Stopped by Corey Crawford without a rebound.
13:59 of 2nd period - Dustin Penner wins face-off versus Mike Richards in Panthers zone.
14:12 of 2nd period - Shot by Johan Franzen.
14:12 of 2nd period - Stopped by Corey Crawford without a rebound.
14:13 of 2nd period - Dustin Penner wins face-off versus Henrik Zetterberg in Panthers zone.
14:41 of 2nd period - Shot by Henrik Zetterberg.
14:41 of 2nd period - Stopped by Corey Crawford without a rebound.
14:42 of 2nd period - Sergei Shirokov wins face-off versus Marian Hossa in Panthers zone.
14:42 of 2nd period - Sergei Shirokov is hit by Johan Franzen.
14:58 of 2nd period - Shot by Mike Richards.
14:58 of 2nd period - Shot Blocked by Andrew MacDonald.
15:48 of 2nd period - Trevor Daley is hit by Dustin Penner and loses puck.
16:02 of 2nd period - Off-side.
16:03 of 2nd period - David Steckel wins face-off versus Troy Brouwer in neutral zone.
16:34 of 2nd period - Shot by Steve Downie.
16:34 of 2nd period - Shot Blocked by Jason Garrison.
16:58 of 2nd period - Shot by Andrew MacDonald.
16:58 of 2nd period - Deflect By Ryan Smyth.
16:58 of 2nd period - Shot Blocked by Luke Schenn.
17:02 of 2nd period - Shot by Cory Stillman.
17:02 of 2nd period - Shot Misses the Net.
17:08 of 2nd period - Shot by Brian Rafalski.
17:08 of 2nd period - Shot Blocked by Luke Schenn.
17:12 of 2nd period - Shot by Ryan Smyth.
17:12 of 2nd period - Stopped by Martin Biron without a rebound.
17:13 of 2nd period - Henrik Zetterberg wins face-off versus Chris Drury in Sabres zone.
17:20 of 2nd period - Shot by Chris Stewart.
17:20 of 2nd period - Goal by Chris Stewart - Sabres : 4 - Panthers : 1.
17:21 of 2nd period - Sam Gagner wins face-off versus Henrik Zetterberg in neutral zone.
17:24 of 2nd period - Shot by Sam Gagner.
17:24 of 2nd period - Stopped by Martin Biron without a rebound.
17:25 of 2nd period - Henrik Zetterberg wins face-off versus Sergei Shirokov in Sabres zone.
17:34 of 2nd period - Icing by Anton Volchenkov.
17:35 of 2nd period - Chris Drury wins face-off versus Mike Richards in Panthers zone.
17:35 of 2nd period - Chris Drury is hit by Mike Richards.
17:38 of 2nd period - Icing by Anton Volchenkov.
17:39 of 2nd period - Henrik Zetterberg wins face-off versus Chris Drury in Panthers zone.
17:40 of 2nd period - Shot by Tuomo Ruutu.
17:40 of 2nd period - Stopped by Corey Crawford without a rebound.
17:41 of 2nd period - Henrik Zetterberg wins face-off versus David Steckel in Panthers zone.
18:04 of 2nd period - Shot by Tuomo Ruutu.
18:04 of 2nd period - Deflect By Chris Stewart.
18:04 of 2nd period - Stopped by Corey Crawford without a rebound.
18:05 of 2nd period - Mike Richards wins face-off versus Chris Drury in Panthers zone.
18:14 of 2nd period - Mike Richards is hit by Anton Volchenkov and loses puck.
18:16 of 2nd period - Minor Penalty to Anton Volchenkov for Holding.
18:17 of 2nd period - Mike Richards wins face-off versus Sergei Shirokov in Panthers zone.
18:29 of 2nd period - Johan Franzen is hit by Brian Rafalski and loses puck.
18:48 of 2nd period - Shot by Johan Franzen.
18:48 of 2nd period - Shot Misses the Net.
18:50 of 2nd period - Shot by Marian Hossa.
18:50 of 2nd period - Stopped by Corey Crawford without a rebound.
18:51 of 2nd period - Chris Drury wins face-off versus Henrik Zetterberg in Panthers zone.
18:51 of 2nd period - Chris Drury is hit by Tuomo Ruutu.
19:03 of 2nd period - Shot by Henrik Zetterberg.
19:03 of 2nd period - Stopped by Corey Crawford without a rebound.
19:04 of 2nd period - Henrik Zetterberg wins face-off versus Dustin Penner in Panthers zone.

Period #3

0:01 of 3rd period - Sergei Shirokov wins face-off versus Henrik Zetterberg in neutral zone.
0:07 of 3rd period - Icing by Tuomo Ruutu.
0:08 of 3rd period - Henrik Zetterberg wins face-off versus Chris Drury in Sabres zone.
0:29 of 3rd period - Icing by Trevor Daley.
0:30 of 3rd period - Johan Franzen wins face-off versus David Steckel in Sabres zone.
1:18 of 3rd period - Off-side.
1:19 of 3rd period - Jordan Staal wins face-off versus Sergei Shirokov in neutral zone.
1:19 of 3rd period - Jordan Staal is hit by Cory Stillman.
1:33 of 3rd period - Shot by Cory Stillman.
1:33 of 3rd period - Shot Misses the Net.
1:35 of 3rd period - Shot by Sergei Shirokov.
1:35 of 3rd period - Shot Blocked by Luke Schenn.
2:05 of 3rd period - Minor Penalty to Cory Stillman for Holding.
2:06 of 3rd period - Henrik Zetterberg wins face-off versus Chris Drury in Panthers zone.
2:35 of 3rd period - Icing by Tuomo Ruutu.
2:36 of 3rd period - Chris Drury wins face-off versus Henrik Zetterberg in Sabres zone.
3:19 of 3rd period - Shot by Marian Hossa.
3:19 of 3rd period - Shot Misses the Net.
3:21 of 3rd period - Shot by Mike Richards.
3:21 of 3rd period - Shot Misses the Net.
3:23 of 3rd period - Shot by Victor Hedman.
3:23 of 3rd period - Shot Blocked by Andrew MacDonald.
3:25 of 3rd period - Shot by Marian Hossa.
3:25 of 3rd period - Shot Misses the Net.
3:27 of 3rd period - Shot by Mike Richards.
3:27 of 3rd period - Shot Misses the Net.
3:29 of 3rd period - Shot by Victor Hedman.
3:29 of 3rd period - Shot Misses the Net.
3:31 of 3rd period - Shot by Marian Hossa.
3:31 of 3rd period - Stopped by Corey Crawford without a rebound.
3:32 of 3rd period - Henrik Zetterberg wins face-off versus Chris Drury in Panthers zone.
4:07 of 3rd period - Shot by Henrik Zetterberg.
4:07 of 3rd period - Stopped by Corey Crawford without a rebound.
4:08 of 3rd period - David Steckel wins face-off versus Jordan Staal in Panthers zone.
5:04 of 3rd period - Ryan OByrne is hit by Marian Hossa.
5:26 of 3rd period - Shot by Johan Franzen.
5:26 of 3rd period - Stopped by Corey Crawford with a rebound.
5:32 of 3rd period - Shot by Mike Richards.
5:32 of 3rd period - Shot Misses the Net.
6:15 of 3rd period - Icing by Dustin Penner.
6:16 of 3rd period - Matt Cullen wins face-off versus David Legwand in Panthers zone.
6:29 of 3rd period - Shot by Dustin Penner.
6:29 of 3rd period - Shot Blocked by Karl Alzner.
6:31 of 3rd period - Shot by Matt Cullen.
6:31 of 3rd period - Goal by Matt Cullen - Sabres : 4 - Panthers : 2.
6:32 of 3rd period - Jordan Staal wins face-off versus Cory Stillman in neutral zone.
6:36 of 3rd period - Off-side.
6:37 of 3rd period - Henrik Zetterberg wins face-off versus Dustin Penner in neutral zone.
6:49 of 3rd period - Shot by Tuomo Ruutu.
6:49 of 3rd period - Deflect By Chris Stewart.
6:49 of 3rd period - Stopped by Corey Crawford without a rebound.
6:50 of 3rd period - Cory Stillman wins face-off versus Mike Richards in Panthers zone.
7:03 of 3rd period - Shot by Dustin Penner.
7:03 of 3rd period - Shot Misses the Net.
7:33 of 3rd period - Shot by Cory Stillman.
7:33 of 3rd period - Deflect By Matt Cullen.
7:33 of 3rd period - Shot Misses the Net.
7:36 of 3rd period - Minor Penalty to Victor Hedman for Hooking.
7:37 of 3rd period - Matt Cullen wins face-off versus Henrik Zetterberg in Sabres zone.
7:38 of 3rd period - Shot by Ryan Smyth.
7:38 of 3rd period - Shot Misses the Net.
7:42 of 3rd period - Shot by Ryan Smyth.
7:42 of 3rd period - Goal by Ryan Smyth - Sabres : 4 - Panthers : 3.
7:43 of 3rd period - Chris Drury wins face-off versus Troy Brouwer in neutral zone.
7:43 of 3rd period - Chris Drury is hit by Steve Downie.
7:55 of 3rd period - Off-side.
7:56 of 3rd period - Ryan Smyth wins face-off versus Henrik Zetterberg in neutral zone.
8:25 of 3rd period - Shot by Sam Gagner.
8:25 of 3rd period - Stopped by Martin Biron without a rebound.
8:26 of 3rd period - Jordan Staal wins face-off versus David Steckel in Sabres zone.
8:47 of 3rd period - Shot by Jordan Staal.
8:47 of 3rd period - Shot Misses the Net.
9:15 of 3rd period - Icing by Jason Garrison.
9:16 of 3rd period - Henrik Zetterberg wins face-off versus David Steckel in Panthers zone.
10:22 of 3rd period - Cory Stillman is hit by Brad Stuart and loses puck.
11:13 of 3rd period - Marian Hossa is hit by Ryan OByrne.
11:18 of 3rd period - Mike Richards is hit by Ryan OByrne and loses puck.
11:22 of 3rd period - Icing by Ryan OByrne.
11:23 of 3rd period - Chris Drury wins face-off versus Jordan Staal in Panthers zone.
12:24 of 3rd period - Shot by Cory Stillman.
12:24 of 3rd period - Shot Blocked by Jeff Schultz.
12:31 of 3rd period - Icing by Cory Stillman.
12:32 of 3rd period - Sergei Shirokov wins face-off versus Johan Franzen in Panthers zone.
12:32 of 3rd period - Sergei Shirokov is hit by Johan Franzen.
12:44 of 3rd period - Shot by Johan Franzen.
12:44 of 3rd period - Shot Blocked by Cory Stillman.
12:48 of 3rd period - Shot by Mike Richards.
12:48 of 3rd period - Shot Misses the Net.
12:50 of 3rd period - Shot by Victor Hedman.
12:50 of 3rd period - Stopped by Corey Crawford without a rebound.
12:51 of 3rd period - Dave Bolland wins face-off versus Mike Richards in Panthers zone.
13:07 of 3rd period - Double Minor Penalty to Victor Hedman for Roughing.
13:08 of 3rd period - Sergei Shirokov wins face-off versus Henrik Zetterberg in Sabres zone.
13:09 of 3rd period - Shot by Brian Rafalski.
13:09 of 3rd period - Shot Misses the Net.
13:31 of 3rd period - Shot by Brian Rafalski.
13:31 of 3rd period - Shot Hit the Post.
14:51 of 3rd period - Shot by Ryan Smyth.
14:51 of 3rd period - Shot Misses the Net.
14:53 of 3rd period - Shot by Anton Volchenkov.
14:53 of 3rd period - Deflect By Ryan Smyth.
14:53 of 3rd period - Shot Misses the Net.
15:32 of 3rd period - Shot by Sam Gagner.
15:32 of 3rd period - Stopped by Martin Biron without a rebound.
15:33 of 3rd period - Mike Richards wins face-off versus Sergei Shirokov in Sabres zone.
16:59 of 3rd period - Shot by Dave Bolland.
16:59 of 3rd period - Shot Misses the Net.
17:01 of 3rd period - Shot by Andrew MacDonald.
17:01 of 3rd period - Shot Misses the Net.
17:03 of 3rd period - Shot by Brian Rafalski.
17:03 of 3rd period - Shot Misses the Net.
17:05 of 3rd period - Shot by Andrew MacDonald.
17:05 of 3rd period - Shot Blocked by Luke Schenn.
17:20 of 3rd period - Cory Stillman is hit by Victor Hedman and loses puck.
17:50 of 3rd period - Brad Stuart is hit by David Steckel and loses puck.
18:30 of 3rd period - Shot by Steve Downie.
18:30 of 3rd period - Shot Blocked by Sam Gagner.
18:37 of 3rd period - Johan Franzen is hit by Jason Garrison and loses puck.
18:43 of 3rd period - Steve Downie is hit by Andy Greene and loses puck.
19:04 of 3rd period - Shot by Chris Stewart.
19:04 of 3rd period - Shot Misses the Net.
19:06 of 3rd period - Shot by Mike Richards.
19:06 of 3rd period - Shot Misses the Net.
19:35 of 3rd period - Panthers, Corey Crawford is pulled from the net.
19:45 of 3rd period - Shot by Tuomo Ruutu.
19:45 of 3rd period - Shot Misses the Net.
19:58 of 3rd period - Icing by Henrik Zetterberg.
19:59 of 3rd period - Henrik Zetterberg wins face-off versus Ryan OByrne in Sabres zone.


Output by the SimonT Hockey Simulator (STHS) for Stephane Roy -- Original Page W3C XHTML 1.0 Valid